Map: Deathaura LE

Players

Massa

  • Race: Terran Terran
  • League: Platinum
  • Spawn Location: 11:00

eXtReMeFiReX - Winner!

  • Race: Terran Terran
  • League: Diamond
  • Spawn Location: 5:00

VOD

Have the link to the VOD?

Description

Time

  • Played on: Jan. 23, 2021, 6:29 a.m.
  • Length: 13:08
Show
View Real Time Build Order
Export as new Build Order

Massa Terran 

Build Orders: Reaper Expand 

Get SALT Encoding   

  12  0:00  SCV  
  13  0:12  SCV  
  14  0:19  Supply Depot  
  14  0:25  SCV  
  15  0:41  SCV  
  16  0:44  Refinery  
  16  0:58  Barracks  
  16  1:07  SCV  
  17  1:12  Barracks  
  17  1:48  Orbital Command  
  17  1:49  Refinery  
  17  1:52  Barracks Reactor  
  17  2:08  Command Center  
  17  2:17  SCV  
  17  2:21  Reaper  
  19  2:28  Supply Depot  
  19  2:31  Reaper  
  19  2:34  Reaper  
  21  2:37  SCV  
  22  2:50  SCV  
  23  2:53  Reaper  
  24  3:03  Reaper  
  25  3:06  Reaper  
  26  3:20  SCV  
  26  3:22  Orbital Command  
  26  3:25  Reaper  
  28  3:29  Refinery  
  28  3:30  Factory  
  25  4:01  Marine  
  25  4:02  Marine x2  
  28  4:10  SCV x2  
  28  4:15  Starport, Factory Tech Lab  
  30  4:20  Marine  
  30  4:22  SCV x2  
  33  4:26  Orbital Command  
  31  4:37  Marine  
  31  4:38  Siege Tank  
  31  4:46  Orbital Command  
  24  4:54  Starport Tech Lab  
  24  4:55  Marine  
  19  5:13  Marine  
  18  5:15  Banshee  
  18  5:17  Orbital Command  
  13  5:24  SCV  
  14  5:31  Marine  
  15  5:36  SCV  
  16  5:49  SCV  
  17  5:55  SCV  
  18  6:02  Cloaking Field  
  15  6:48  Orbital Command  
  15  6:49  Marine  
  15  6:52  SCV  
  17  7:04  SCV  
  17  7:07  Marine  
  19  7:11  Marine  
  19  7:15  SCV  
  21  7:22  SCV  
  22  7:24  Marine  
  22  7:27  SCV  
  22  7:29  Refinery  
  24  7:30  Barracks Tech Lab  
  24  7:34  Widow Mine, SCV  
  27  7:39  SCV  
  27  7:42  Marine  
  29  7:46  SCV  
  29  7:47  Refinery  
  30  7:59  Supply Depot  
  30  8:04  Supply Depot  
  30  8:18  Engineering Bay  
  30  8:20  Marine x2  
  30  8:21  SCV x2, Siege Tank  
  30  8:25  Medivac  
  39  8:33  SCV x2  
  41  8:37  Stimpack  
  41  8:45  SCV x2  
  41  9:17  Cyclone  
  36  9:34  Missile Turret  
  36  9:37  Mag-Field Accelerator  
  31  9:49  Cyclone, Raven  
  26  10:05  Marine  
  21  10:26  Marine x2  
  19  10:44  Marine  
  19  10:47  SCV x2  
  20  10:53  Cyclone  
  23  10:59  SCV x2  
  23  11:11  SCV x2  
  25  11:23  SCV x2  
  27  11:35  SCV  
  28  11:44  SCV  
  29  11:47  SCV  
  29  11:48  Missile Turret  
  30  11:56  SCV  
Show
View Real Time Build Order
Export as new Build Order

eXtReMeFiReX Terran - Winner!

Build Orders:  

Get SALT Encoding   

  12  0:01  SCV  
  13  0:13  Supply Depot  
  13  0:17  SCV  
  14  0:31  Supply Depot  
  14  0:34  SCV  
  15  0:45  Barracks  
  15  1:00  SCV  
  16  1:15  SCV  
  17  1:27  SCV  
  17  1:28  Barracks  
  17  1:29  Barracks  
  18  1:36  Bunker  
  18  1:39  SCV  
  19  1:40  Marine  
  20  1:52  Bunker  
  20  1:56  SCV  
  20  1:57  Marine  
  22  2:06  Refinery  
  22  2:08  SCV  
  23  2:15  Marine  
  24  2:23  Marine x2  
  26  2:33  Marine  
  27  2:38  Orbital Command  
  27  2:41  Marine  
  29  2:51  Marine  
  29  2:59  Marine  
  29  3:02  Barracks Reactor  
  30  3:09  Refinery, Marine  
  30  3:12  Engineering Bay  
  31  3:23  Supply Depot  
  31  3:42  Marine  
  31  3:44  Marine x3  
  33  3:59  Marine  
  33  4:02  Marine x3  
  37  4:16  Missile Turret  
  37  4:17  Marine  
  37  4:20  Marine  
  39  4:49  Marine  
  39  5:25  Marine x2  
  39  5:33  Factory  
  39  5:38  Supply Depot  
  39  5:41  Supply Depot  
  39  5:42  Supply Depot  
  39  6:00  Marine x2  
  39  6:01  Command Center  
  32  6:32  Starport x2  
  26  6:49  SCV  
  27  7:01  SCV  
  28  7:10  Fusion Core  
  28  7:13  Orbital Command, SCV  
  29  7:15  Starport Tech Lab  
  29  7:21  Marine  
  30  7:25  SCV  
  30  7:28  Missile Turret  
  31  7:32  Missile Turret  
  31  7:37  SCV  
  31  7:39  Starport Tech Lab  
  31  7:44  Refinery, SCV  
  33  7:49  SCV, Missile Turret  
  34  7:56  SCV  
  34  7:57  Battlecruiser  
  41  8:01  SCV  
  41  8:02  Marine x3  
  45  8:08  SCV  
  46  8:20  Marine x2  
  46  8:25  SCV  
  49  8:29  Battlecruiser  
  49  8:30  SCV  
  56  8:34  Refinery  
  56  8:37  SCV  
  57  8:50  SCV  
  57  8:51  SCV  
  59  9:02  SCV  
  59  9:23  Battlecruiser  
  56  9:33  Marine  
  57  9:40  SCV  
  57  9:41  SCV  
  59  9:53  SCV  
  54  10:17  Weapon Refit  
  54  10:18  Battlecruiser  
  60  10:26  SCV x2  
  56  10:54  Battlecruiser  
  56  11:12  SCV  
  56  11:13  SCV  
  58  11:22  Battlecruiser  
  64  11:28  Command Center  
  64  11:38  Marine  
  65  11:46  SCV  
  66  11:58  Battlecruiser  
Tags
 
Matchup
TvT
Race
Terran
Replay Pack
Multiplayer
Spawn Locations
Cross Positions
Add a new tag
Caveats
  • Supply blocks, unpowered buildings, or Contaminate may cause inaccurate times.
  • Supply counts are checked every 10 seconds.